| TOP OF THE 1ST |
|
Hagerstown Suns batting - Pitching for Binghamton Mets : RHP Bryan Dorne
|
|
Pitching: RHP Bryan Dorne
|
|
|
Batting: RHB Leo Gutierrez
|
0-0: Called Strike 0-1: Swinging Strike 0-2: Ball 1-2: Ball 2-2: Strikes out swinging
|
|
Batting: RHB John McNeill
|
0-0: Foul Ball, location: 2F 0-1: Ground out 3-1 (Groundball, 34, EV 79.4 MPH)
|
|
Batting: RHB Tylor Cyr
|
0-0: Called Strike 0-1: Ball 1-1: Called Strike 1-2: Foul Ball, location: 2F 1-2: Ball 2-2: Ball 3-2: Base on Balls
|
|
Batting: RHB Bryan Wheeler
|
0-0: Ball 1-0: Foul Ball, location: 2F 1-1: Ball Tylor Cyr steals 2nd base 2-1: 2-RUN HOME RUN (Flyball, 7D, EV 94.4 MPH), Distance : 377 ft
|
|
Batting: RHB Justin Davenport
|
0-0: Ball 1-0: Foul Ball, location: 2F 1-1: Swinging Strike 1-2: Strikes out swinging
|
| Top of the 1st over - 2 runs, 1 hit, 0 errors, 0 left on base; Hagerstown 2 - Binghamton 0 |
| BOTTOM OF THE 1ST |
|
Binghamton Mets batting - Pitching for Hagerstown Suns : RHP Sentos Alatas
|
|
Pitching: RHP Sentos Alatas
|
|
|
Batting: LHB Jamel Alexander
|
0-0: Fly out, F7 (Flyball, 78M, EV 88.8 MPH)
|
|
Batting: RHB Oscar Bravo
|
0-0: Called Strike 0-1: Foul Ball, location: 2F 0-2: Ball 1-2: Ball 2-2: Ball 3-2: Strikes out swinging
|
|
Batting: RHB Mike Hanks
|
0-0: Ball 1-0: Ball 2-0: Fly out, F7 (Line Drive, 7S, EV 91.2 MPH)
|
| Bottom of the 1st over - 0 runs, 0 hits, 0 errors, 0 left on base; Hagerstown 2 - Binghamton 0 |
| TOP OF THE 2ND |
|
Hagerstown Suns batting - Pitching for Binghamton Mets : RHP Bryan Dorne
|
|
Batting: RHB Jim Towle
|
0-0: Ground out 6-3 (Groundball, 6M, EV 91.2 MPH)
|
|
Batting: LHB Yasuo Igarashi
|
0-0: Called Strike 0-1: Swinging Strike 0-2: Strikes out swinging
|
|
Batting: LHB Adam Jacobs
|
0-0: Ball 1-0: Foul Ball, location: 2F 1-1: Foul Ball, location: 2F 1-2: Foul Ball, location: 2F 1-2: Foul Ball, location: 2F 1-2: Ball 2-2: Foul Ball, location: 2F 2-2: Strikes out swinging
|
| Top of the 2nd over - 0 runs, 0 hits, 0 errors, 0 left on base; Hagerstown 2 - Binghamton 0 |
| BOTTOM OF THE 2ND |
|
Binghamton Mets batting - Pitching for Hagerstown Suns : RHP Sentos Alatas
|
|
Batting: SHB Jason Evans
|
0-0: Foul Ball, location: 2F 0-1: Ball 1-1: Foul Ball, location: 2F 1-2: Strikes out looking
|
|
Batting: LHB Zane Kelton
|
0-0: Swinging Strike 0-1: Ball 1-1: Called Strike 1-2: Strikes out looking
|
|
Batting: RHB Nate Henderson
|
0-0: Foul Ball, location: 2F 0-1: Ball 1-1: Ball 2-1: Called Strike 2-2: Fly out, F7 (Line Drive, 7, EV 104.4 MPH)
|
| Bottom of the 2nd over - 0 runs, 0 hits, 0 errors, 0 left on base; Hagerstown 2 - Binghamton 0 |
| TOP OF THE 3RD |
|
Hagerstown Suns batting - Pitching for Binghamton Mets : RHP Bryan Dorne
|
|
Batting: RHB Scott Skoglund
|
0-0: Ball 1-0: Ball 2-0: Ball 3-0: Base on Balls
|
|
Batting: RHB Leo Gutierrez
|
0-0: Foul Ball, location: 2F 0-1: Called Strike 0-2: Foul Ball, location: 2F 0-2: Foul Ball, location: 2F 0-2: Ball 1-2: Ball 2-2: Ball 3-2: Strikes out looking
|
|
Batting: RHB John McNeill
|
0-0: Foul Ball, location: 2F 0-1: Foul Ball, location: 2F 0-2: Ball 1-2: Foul Ball, location: 2F 1-2: Fielders Choice at 2nd, 6-4 (Groundball, 6, EV 103.1 MPH)
|
|
Batting: RHB Tylor Cyr
|
0-0: Called Strike 0-1: Ground out 4-3 (Groundball, 34S, EV 83.8 MPH)
|
| Top of the 3rd over - 0 runs, 0 hits, 0 errors, 1 left on base; Hagerstown 2 - Binghamton 0 |
| BOTTOM OF THE 3RD |
|
Binghamton Mets batting - Pitching for Hagerstown Suns : RHP Sentos Alatas
|
|
Batting: SHB Jerry Burrows
|
0-0: Ball 1-0: Called Strike 1-1: Ball 2-1: Ball 3-1: Ground out U3 (Groundball, 3, EV 84.4 MPH)
|
|
Batting: LHB Dan Bremseth
|
0-0: Ball 1-0: Called Strike 1-1: Ball 2-1: SOLO HOME RUN (Flyball, 9D, EV 97.5 MPH), Distance : 372 ft
|
|
Batting: RHB Gang-sheng Chew
|
0-0: Ball 1-0: Foul Ball, location: 2F 1-1: Foul Ball, location: 2F 1-2: Foul Ball, location: 2F 1-2: Ball 2-2: Ground out 5-3 (Groundball, 5, EV 80.6 MPH)
|
|
Batting: LHB Jamel Alexander
|
0-0: Called Strike 0-1: Swinging Strike 0-2: Ball 1-2: Ball 2-2: Ball 3-2: Strikes out swinging
|
| Bottom of the 3rd over - 1 run, 1 hit, 0 errors, 0 left on base; Hagerstown 2 - Binghamton 1 |
| TOP OF THE 4TH |
|
Hagerstown Suns batting - Pitching for Binghamton Mets : RHP Bryan Dorne
|
|
Batting: RHB Bryan Wheeler
|
0-0: Ball 1-0: Foul Ball, location: 2F 1-1: Ball 2-1: Fly out, F8 (Flyball, 78M, EV 85.6 MPH)
|
|
Batting: RHB Justin Davenport
|
0-0: Called Strike 0-1: Foul Ball, location: 2F 0-2: Strikes out looking
|
|
Batting: RHB Jim Towle
|
0-0: Called Strike 0-1: Ball 1-1: Called Strike 1-2: Ball 2-2: Ball 3-2: SINGLE (Groundball, 6M, EV 110.6 MPH) (infield hit)
|
|
Batting: LHB Yasuo Igarashi
|
0-0: Ball 1-0: Ball 2-0: Ball 3-0: Called Strike 3-1: Foul Ball, location: 2F 3-2: SINGLE (Line Drive, 7LS, EV 106.2 MPH) Jim Towle to second Jim Towle to third
|
|
Batting: LHB Adam Jacobs
|
0-0: Ball 1-0: Ball 2-0: Ball 3-0: Called Strike 3-1: Base on Balls Yasuo Igarashi to second
|
|
Batting: RHB Scott Skoglund
|
0-0: Ball 1-0: Fly out, F8 (Flyball, 8RM, EV 98.1 MPH)
|
| Top of the 4th over - 0 runs, 2 hits, 0 errors, 3 left on base; Hagerstown 2 - Binghamton 1 |
| BOTTOM OF THE 4TH |
|
Binghamton Mets batting - Pitching for Hagerstown Suns : RHP Sentos Alatas
|
|
Batting: RHB Oscar Bravo
|
0-0: Swinging Strike 0-1: Called Strike 0-2: Strikes out looking
|
|
Batting: RHB Mike Hanks
|
0-0: Called Strike 0-1: Fly out, F9 (Flyball, 9D, EV 95.6 MPH)
|
|
Batting: SHB Jason Evans
|
0-0: Called Strike 0-1: TRIPLE (Flyball, 9D, EV 110.0 MPH)
|
|
Batting: LHB Zane Kelton
|
0-0: Called Strike 0-1: Called Strike 0-2: Hit by Pitch
|
|
Batting: RHB Nate Henderson
|
0-0: Called Strike 0-1: Ball 1-1: Foul Ball, location: 2F 1-2: SINGLE (Line Drive, 56D, EV 94.4 MPH) Jason Evans scores Zane Kelton to second Runner from 2nd tries for 3rd, SAFE, throw by LF made to third
|
|
Batting: SHB Jerry Burrows
|
0-0: Ball 1-0: Ball 2-0: Ball 3-0: Called Strike 3-1: Fly out, F7 (Flyball, 7, EV 73.1 MPH)
|
| Bottom of the 4th over - 1 run, 2 hits, 0 errors, 2 left on base; Hagerstown 2 - Binghamton 2 |
| TOP OF THE 5TH |
|
Hagerstown Suns batting - Pitching for Binghamton Mets : RHP Bryan Dorne
|
|
Batting: RHB Leo Gutierrez
|
0-0: Fly out, F8 (Flyball, 8RM, EV 90.6 MPH)
|
|
Batting: RHB John McNeill
|
0-0: Ball 1-0: Called Strike 1-1: Called Strike 1-2: Ball 2-2: Foul Ball, location: 2F 2-2: Ball 3-2: Ground out 6-3 (Groundball, 6, EV 77.5 MPH)
|
|
Batting: RHB Tylor Cyr
|
0-0: Swinging Strike 0-1: Ball 1-1: Called Strike 1-2: Foul Ball, location: 2F 1-2: Strikes out swinging
|
| Top of the 5th over - 0 runs, 0 hits, 0 errors, 0 left on base; Hagerstown 2 - Binghamton 2 |
| BOTTOM OF THE 5TH |
|
Binghamton Mets batting - Pitching for Hagerstown Suns : RHP Sentos Alatas
|
|
Batting: LHB Dan Bremseth
|
0-0: Ball 1-0: Foul Ball, location: 2F 1-1: Called Strike 1-2: Foul Ball, location: 2F 1-2: Strikes out swinging
|
|
Batting: RHB Gang-sheng Chew
|
0-0: Ball 1-0: Called Strike 1-1: Ball 2-1: SINGLE (Flyball, 8LS, EV 95.6 MPH)
|
|
Batting: LHB Jamel Alexander
|
0-0: Ball Wild Pitch! Gang-sheng Chew to second 1-0: Called Strike 1-1: Foul Ball, location: 2F 1-2: Foul Ball, location: 2F 1-2: Strikes out swinging
|
|
Batting: RHB Oscar Bravo
|
0-0: Ball 1-0: Ball 2-0: Called Strike 2-1: Foul Ball, location: 2F 2-2: Ball 3-2: Foul Ball, location: 2F 3-2: Base on Balls
|
|
Batting: RHB Mike Hanks
|
0-0: Swinging Strike 0-1: Ball 1-1: Swinging Strike 1-2: Foul Ball, location: 2F 1-2: SINGLE (Groundball, 56D, EV 101.2 MPH) Gang-sheng Chew to third Oscar Bravo to second Runner from 3rd tries for Home, throw by LF and OUT! 7-2
|
| Bottom of the 5th over - 0 runs, 2 hits, 0 errors, 2 left on base; Hagerstown 2 - Binghamton 2 |
| TOP OF THE 6TH |
|
Hagerstown Suns batting - Pitching for Binghamton Mets : RHP Bryan Dorne
|
|
Batting: RHB Bryan Wheeler
|
0-0: Ground out 5-3 (Groundball, 56S, EV 83.1 MPH)
|
|
Batting: RHB Justin Davenport
|
0-0: Ball 1-0: Swinging Strike 1-1: Swinging Strike 1-2: Ball 2-2: Strikes out swinging
|
|
Batting: RHB Jim Towle
|
0-0: Foul Ball, location: 2F 0-1: Swinging Strike 0-2: Strikes out looking
|
| Top of the 6th over - 0 runs, 0 hits, 0 errors, 0 left on base; Hagerstown 2 - Binghamton 2 |
| BOTTOM OF THE 6TH |
|
Binghamton Mets batting - Pitching for Hagerstown Suns : RHP Sentos Alatas
|
|
Pitching: RHP Tim Schultz
|
|
|
Batting: SHB Jason Evans
|
0-0: SINGLE (Groundball, 25, EV 68.8 MPH) (infield hit)
|
|
Batting: LHB Zane Kelton
|
0-0: Called Strike Jason Evans steals 2nd base 0-1: Ball 1-1: Foul Ball, location: 2F 1-2: Strikes out swinging
|
|
Batting: RHB Nate Henderson
|
0-0: Foul Ball, location: 2F 0-1: Called Strike 0-2: Ball 1-2: Strikes out swinging
|
|
Batting: SHB Jerry Burrows
|
0-0: Ball 1-0: Ball 2-0: Called Strike 2-1: Swinging Strike 2-2: Strikes out swinging
|
| Bottom of the 6th over - 0 runs, 1 hit, 0 errors, 1 left on base; Hagerstown 2 - Binghamton 2 |
| TOP OF THE 7TH |
|
Hagerstown Suns batting - Pitching for Binghamton Mets : RHP Bryan Dorne
|
|
Batting: LHB Yasuo Igarashi
|
0-0: Ball 1-0: Ball 2-0: Foul Ball, location: 2F 2-1: SINGLE (Groundball, 15S, EV 73.8 MPH) (infield hit)
|
|
Batting: LHB Adam Jacobs
|
0-0: Fly out, F7 (Flyball, 7LS, EV 83.1 MPH)
|
|
Pinch Hitting: LHB John Holst
|
0-0: Ball 1-0: Called Strike 1-1: Fly out, F8 (Flyball, 8LM, EV 83.8 MPH)
|
|
Batting: RHB Leo Gutierrez
|
Pickoff Throw to First - Out! 1-3
|
| Top of the 7th over - 0 runs, 1 hit, 0 errors, 0 left on base; Hagerstown 2 - Binghamton 2 |
| BOTTOM OF THE 7TH |
|
Binghamton Mets batting - Pitching for Hagerstown Suns : RHP Tim Schultz
|
|
Now in CF: John McNeill
|
|
|
Now in RF: John Holst
|
|
|
Batting: LHB Dan Bremseth
|
0-0: Called Strike 0-1: Foul Ball, location: 2F 0-2: Strikes out swinging
|
|
Batting: RHB Gang-sheng Chew
|
0-0: Ball 1-0: Swinging Strike 1-1: Ball 2-1: Swinging Strike 2-2: Strikes out swinging
|
|
Batting: LHB Jamel Alexander
|
0-0: SINGLE (Groundball, 6M, EV 104.4 MPH)
|
|
Batting: RHB Oscar Bravo
|
0-0: Ball 1-0: Fielders Choice at 2nd, 6-4 (Groundball, 6, EV 79.4 MPH)
|
| Bottom of the 7th over - 0 runs, 1 hit, 0 errors, 1 left on base; Hagerstown 2 - Binghamton 2 |
| TOP OF THE 8TH |
|
Hagerstown Suns batting - Pitching for Binghamton Mets : RHP Bryan Dorne
|
|
Batting: RHB Leo Gutierrez
|
0-0: Ball 1-0: Ground out 2-3 (Groundball, 15S, EV 66.9 MPH)
|
|
Pitching: LHP Scott Carr
|
|
|
Batting: RHB John McNeill
|
0-0: Called Strike 0-1: Swinging Strike 0-2: Strikes out swinging
|
|
Batting: RHB Tylor Cyr
|
0-0: Called Strike 0-1: Ball 1-1: Ball 2-1: Swinging Strike 2-2: Strikes out swinging
|
| Top of the 8th over - 0 runs, 0 hits, 0 errors, 0 left on base; Hagerstown 2 - Binghamton 2 |
| BOTTOM OF THE 8TH |
|
Binghamton Mets batting - Pitching for Hagerstown Suns : RHP Tim Schultz
|
|
Pitching: RHP Chris Lawrence
|
|
|
Batting: RHB Mike Hanks
|
0-0: Called Strike 0-1: Ball 1-1: Ball 2-1: Called Strike 2-2: Ground out U3 (Groundball, 34S, EV 92.5 MPH)
|
|
Batting: SHB Jason Evans
|
0-0: Foul Ball, location: 2F 0-1: Ball 1-1: Ground out 6-3 (Groundball, 6, EV 86.9 MPH)
|
|
Batting: LHB Zane Kelton
|
0-0: Foul Ball, location: 2F 0-1: Fly out, F6 (Line Drive, 6D, EV 63.1 MPH)
|
| Bottom of the 8th over - 0 runs, 0 hits, 0 errors, 0 left on base; Hagerstown 2 - Binghamton 2 |
| TOP OF THE 9TH |
|
Hagerstown Suns batting - Pitching for Binghamton Mets : LHP Scott Carr
|
|
Batting: RHB Bryan Wheeler
|
0-0: Called Strike 0-1: Called Strike 0-2: Ground out U3 (Groundball, 34, EV 88.1 MPH)
|
|
Batting: RHB Justin Davenport
|
0-0: Ball 1-0: Ball 2-0: Called Strike 2-1: Foul Ball, location: 2F 2-2: Strikes out swinging
|
|
Batting: RHB Jim Towle
|
0-0: Ball 1-0: Ball 2-0: Called Strike 2-1: Swinging Strike 2-2: Strikes out looking
|
| Top of the 9th over - 0 runs, 0 hits, 0 errors, 0 left on base; Hagerstown 2 - Binghamton 2 |
| BOTTOM OF THE 9TH |
|
Binghamton Mets batting - Pitching for Hagerstown Suns : RHP Chris Lawrence
|
|
Pinch Hitting: LHB Bayesa Mundhir
|
0-0: Called Strike 0-1: Ball 1-1: Ball 2-1: Called Strike 2-2: Ball 3-2: Base on Balls
|
|
Batting: SHB Jerry Burrows
|
0-0: Ball 1-0: Foul Ball, location: 2F 1-1: Foul Ball, location: 2F 1-2: Ball 2-2: DOUBLE (Line Drive, 78D, EV 113.8 MPH) Bayesa Mundhir to third
|
|
Batting: LHB Dan Bremseth
|
0-0: Intentional Walk
|
|
Batting: RHB Gang-sheng Chew
|
0-0: Foul Ball, location: 2F 0-1: Ball 1-1: Ball 2-1: SINGLE (Flyball, 34D, EV 92.5 MPH) Bayesa Mundhir scores
|
| Bottom of the 9th over - 1 run, 2 hits, 0 errors, 2 left on base; Hagerstown 2 - Binghamton 3 |
|